 Dungeon Crawl Stone Soup version 0.29.0-13-gc9e81de378 (webtiles) character file.

Game seed: 13195792752139991028

245280 SnakkuSnakku7 the Warrior (level 19, -1/185 HPs)
             Began as a Minotaur Warper on Sept 8, 2022.
             Was the Champion of Wu Jian.
             Slain by a merfolk javelineer
             ... wielding a +4 vampiric spear
              (8 damage)
             ... on level 4 of the Shoals.
             The game lasted 00:56:01 (35730 turns).

SnakkuSnakku7 the Warrior (Minotaur Warper)        Turns: 35730, Time: 00:56:02

Health: -1/185     AC: 46    Str: 24    XL:     19   Next: 17%
Magic:  20/20      EV: 17    Int: 16    God:    Wu Jian [******]
Gold:   231        SH:  0    Dex: 19    Spells: 20/20 levels left

rFire   + + +      SeeInvis .   a - +5 glaive of the Guard {elec, spectral, AC+5}
rCold   + . .      Faith    .   (shield currently unavailable)
rNeg    + + .      Spirit   .   I - +8 chain mail "Taxatauv" {Rampage rElec Int-4 Dex+7}
rPois   .          Reflect  .   H - +3 hat of the Sky {Will+ Int+4 Dex-4}
rElec   +          Harm     .   O - +3 cloak of the Tuna {rF+++ Int+7 Stlth-}
rCorr   .          Rampage  +   F - +2 pair of gloves of Complete Protection {+Blink rN++ Str-3 Slay+5}
Will    ++...                   P - +2 pair of boots {Stlth+}
Stlth   ..........              l - amulet of the acrobat
HPRegen 0.40/turn               J - +4 ring of slaying
MPRegen 0.17/turn               T - ring "Tofi" {AC+4 Str+6 Stlth+}

@: very slow
A: horns 2, retaliatory headbutt, agile 1, cold resistance 1, deterioration 1,
sense surroundings 1
}: 1/15 runes: gossamer
a: Renounce Religion, Evoke Blink, Wall Jump, Serpent's Lash, Heavenly Storm


You were on level 4 of the Shoals.
You worshipped Wu Jian.
Wu Jian was exalted by your worship.
You visited 6 branches of the dungeon, and saw 31 of its levels.
You visited the Abyss 1 time.
You also visited: Gauntlet and Ice Cave.

You collected 3838 gold pieces.
You spent 3607 gold pieces at shops.

Inventory:

Hand Weapons
 a - the +5 glaive of the Guard (weapon) {elec, spectral, AC+5}
   (You found it on level 15 of the Dungeon)

   It occasionally discharges a powerful burst of electricity upon striking a
   foe.
   When it strikes, its spirit leaps out and fights alongside the wielder.
   AC:        It affects your AC (+5).
 d - the +11 battleaxe of the Blowfly {vorpal, Fly}
   (You bought it in a shop on level 1 of the Dungeon)

   It inflicts extra damage upon your enemies.
   Fly:       It grants you flight.
Missiles
 j - 4 curare-tipped darts (quivered)
 r - 6 throwing nets
Armour
 F - the +2 pair of gloves of Complete Protection (worn) {+Blink rN++ Str-3 Slay+5}
   (You took it off Nikola on level 1 of the Shoals)

   Str:       It affects your strength (-3).
   Slay:      It affects your accuracy & damage with ranged weapons and melee
   (+5).
   rN:        It greatly protects you from negative energy.
   +Blink:    It lets you blink.
 H - the +3 hat of the Sky (worn) {Will+ Int+4 Dex-4}
   (You found it in a Gauntlet)

   Int:       It affects your intelligence (+4).
   Dex:       It affects your dexterity (-4).
   Will:      It increases your willpower.
 I - the +8 chain mail "Taxatauv" (worn) {Rampage rElec Int-4 Dex+7}
   (You bought it in a shop on level 2 of the Orcish Mines)

   Int:       It affects your intelligence (-4).
   Dex:       It affects your dexterity (+7).
   rElec:     It insulates you from electricity.
   Rampage:   It bestows one free step when moving towards enemies.
 O - the +3 cloak of the Tuna (worn) {rF+++ Int+7 Stlth-}
   (You found it on level 11 of the Dungeon)

   Int:       It affects your intelligence (+7).
   rF:        It renders you almost immune to fire.
   Stlth:     It makes you less stealthy.
 P - a +2 pair of boots of stealth (worn)
Jewellery
 b - a ring of protection from cold
 k - a ring of protection from fire
 l - an amulet of the acrobat (around neck)
 J - a +4 ring of slaying (left hand)
 Q - a +4 ring of evasion
 S - the ring of Piewk {+Blink Will+}
   (You found it on level 4 of the Shoals)

   [ring of willpower]

   +Blink:    It lets you blink.
   Will:      It increases your willpower.
 T - the ring "Tofi" (right hand) {AC+4 Str+6 Stlth+}
   (You took it off a merfolk impaler on level 4 of the Shoals)

   [ring of protection]

   AC:        It affects your AC (+4).
   Str:       It affects your strength (+6).
   Stlth:     It makes you more stealthy.
Wands
 v - a wand of flame (37)
 y - a wand of polymorph (12)
 A - a wand of iceblast (26)
 B - a wand of acid (16)
Scrolls
 c - 6 scrolls of blinking
 h - 8 scrolls of immolation
 n - 6 scrolls of fear
 o - 3 scrolls of summoning
 x - 8 scrolls of magic mapping
 G - 7 scrolls of vulnerability
 L - 10 scrolls of enchant weapon
 N - 7 scrolls of fog
 R - 12 scrolls of teleportation
Potions
 e - a potion of berserk rage
 f - 10 potions of heal wounds
 g - 2 potions of might
 i - 4 potions of lignification
 m - 8 potions of resistance
 q - 3 potions of flight
 s - 24 potions of curing
 t - 8 potions of brilliance
 u - 3 potions of haste
 w - 2 potions of cancellation
 z - a potion of mutation
 C - 7 potions of ambrosia
 E - a potion of invisibility
 K - 3 potions of attraction
 M - 2 potions of magic
Miscellaneous
 p - a lightning rod (4/4)
 D - a phial of floods


   Skills:
 - Level 20.0 Fighting
 - Level 19.5(22.0) Axes
 - Level 6.8(14.4) Maces & Flails
 - Level 16.0(20.0) Polearms
 - Level 4.0 Throwing
 + Level 17.8 Armour
 - Level 15.0 Dodging
 - Level 1.3 Spellcasting
 - Level 2.1 Translocations
 - Level 10.0 Evocations


You had 20 spell levels left.
You didn't know any spells.
Your spell library contained the following spells:

 Spells                   Type           Power      Damage    Failure   Level
 Apportation              Tloc           16%        N/A       32%         1
 Blink                    Tloc           16%        N/A       45%         2
 Magic Dart               Conj           4%         1d3       63%         1
 Necrotise                Necr           4%         1d4       63%         1
 Sandblast                Erth           2%         2d4       63%         1
 Summon Small Mammal      Summ           4%         N/A       63%         1
 Gell's Gravitas          Tloc           8%         N/A       69%         3
 Lesser Beckoning         Tloc           8%         N/A       69%         3
 Teleport Other           Tloc           8%         N/A       69%         3
 Ensorcelled Hibernation  Hex/Ice        2%         N/A       77%         2
 Passwall                 Tmut/Erth      0%         N/A       77%         2
 Scorch                   Fire           2%         2d5       77%         2
 Searing Ray              Conj           2%         2d4       77%         2
 Portal Projectile        Hex/Tloc       8%         N/A       83%         3
 Call Canine Familiar     Summ           1%         N/A       94%         3
 Confusing Touch          Hex            1%         N/A       94%         3
 Frozen Ramparts          Ice            2%         1d1       94%         3
 Ozocubu's Armour         Ice            1%         N/A       94%         3
 Spider Form              Tmut/Pois      1%         N/A       94%         3
 Stone Arrow              Conj/Erth      2%         3d7       94%         3
 Swiftness                Air            1%         N/A       94%         3
 Passage of Golubria      Tloc           8%         N/A       97%         4
 Iskenderun's Mystic Bla  Conj/Tloc      4%         2d3       99%         4
 Anguish                  Hex/Necr       0%         N/A       100%        4
 Animate Armour           Summ/Erth      2%         N/A       100%        4
 Animate Dead             Necr           1%         N/A       100%        4
 Flame Wave               Conj/Fire      1%         2d4       100%        4
 Fulminant Prism          Conj/Hex       0%         3d6       100%        4
 Ice Form                 Ice/Tmut       1%         N/A       100%        4
 Leda's Liquefaction      Hex/Erth       0%         N/A       100%        4
 Summon Ice Beast         Ice/Summ       1%         N/A       100%        4
 Alistair's Intoxication  Tmut/Pois      0%         N/A       100%        5
 Lee's Rapid Deconstruct  Erth           0%         3d5*      100%        5
 Manifold Assault         Tloc           8%         N/A       100%        5
 Silence                  Hex/Air        0%         N/A       100%        5
 Yara's Violent Unravell  Hex/Tmut       0%         3d3       100%        5
 Statue Form              Tmut/Erth      0%         N/A       100%        6
 Summon Cactus Giant      Summ           0%         N/A       100%        6
 Enfeeble                 Hex            0%         N/A       100%        7
 Haunt                    Necr/Summ      0%         N/A       100%        7
 Ozocubu's Refrigeration  Ice            0%         4d7       100%        7
 Infestation              Necr           0%         N/A       100%        8
 Lehudib's Crystal Spear  Conj/Erth      0%         10d2      100%        8


Dungeon Overview and Level Annotations

Branches:
Dungeon (15/15)            Temple (1/1) D:4            Lair (5/5) D:11
 Shoals (4/4) Lair:2       Spider (4/4) Lair:2        Slime (0/5) Lair:5
    Orc (2/2) D:12            Elf (0/3) Orc:2        Vaults (0/5) D:13
 Depths (0/4) D:15          IceCv (visited)         Gauntlet (visited)

Altars:
Ashenzari
Cheibriados
Dithmenos
Elyvilon
Fedhas
Gozag
Hepliaklqana
Kikubaaqudgha
Makhleb
Nemelex Xobeh
Okawaru
Qazlal
Ru
Sif Muna
Trog
Uskayaw
Vehumet
Wu Jian
Xom
Yredelemnul
Zin
The Shining One

Shops:
D:1 ((!   D:11 ?   Orc:2 ?[(?   Shoals:3 **

Annotations:
D:14 3 runed translucent doors, Kilet's ghost, adept GrEE
Lair:4 exclusion: oklob plant
Shoals:4 6 transporters


Innate Abilities, Weirdness & Mutations

You have a pair of horns on your head.
You reflexively headbutt those who attack you in melee.
You are agile. (Dex +4, Str/Int -1)
Your flesh is cold resistant. (rC+)
Your body sometimes deteriorates upon taking damage.
You passively map a small area around you.


Message History

You are no longer entranced.
You kill the merfolk avatar!
The Council accepts your kill.
The iceblast engulfs the merfolk javelineer!!
The merfolk javelineer is severely wounded.
The merfolk javelineer throws a javelin.
The javelin completely misses you.
Unknown command.
Aiming: Iceblast
Press: ? - help, Shift-Dir - straight line, f/p - merfolk javelineer
Aim: a merfolk javelineer, wielding a +3 spear of distortion, wearing a +0 leather armour and quivering javelins (heavily wounded)
The mass of ice explodes!
The iceblast engulfs the merfolk javelineer!!
The merfolk javelineer is almost dead.
The iceblast engulfs the merfolk aquamancer!!
The merfolk aquamancer is moderately wounded.
The iceblast engulfs the merfolk javelineer!
The merfolk javelineer is heavily wounded.
The merfolk javelineer hits you but does no damage.
Unknown command.
Unknown command.
You hit the merfolk aquamancer but do no damage.
You headbutt the merfolk aquamancer!
The merfolk aquamancer is heavily wounded.
Your +5 glaive of the Guard {elec, spectral, AC+5} hits the merfolk aquamancer from afar!!
The merfolk aquamancer gestures at your +5 glaive of the Guard {elec, spectral, AC+5} while chanting.
The torrent of water hits you!!!
* * * LOW HITPOINT WARNING * * *
You are knocked back by the torrent of water.
You collide with your +5 glaive of the Guard {elec, spectral, AC+5}!
Your spectral weapon shares its damage with you!
Your +5 glaive of the Guard {elec, spectral, AC+5} is almost destroyed.
* * * LOW HITPOINT WARNING * * *
The wave splashes down.
Splash!
You fall into the shallow water.
Moving in this stuff is going to be slow.
* * * LOW HITPOINT WARNING * * *
The merfolk javelineer hits you from afar with a +4 vampiric spear!
You die...

#≈~~#~~....§......~~.~~~........~
≈#~~#~~.....§.........~..........
≈~~~#~~.....######...~~..........
..~##~~....#..~~~##..~...........
≈≈##~~~...#..#~†~~##~~~~~~.......
###~~~~~.#...†≈#..≈#.~~~~.~......
~~~~~~~~.#~#.≈≈mmm≈#~~~~~~~~~.~~.
~~~~~~~~.#~~≈≈##m~≈#~~~~..~~~~~~~
~~~~~~~~~#~~#≈#≈@~≈#~~~......~~~~
~~......~#~~~≈≈~(#≈#~~~.......~~~
.~...)...##~....#≈##~~~.......~.~
~.........##≈≈≈≈~##~~~...÷.....~.
..........~#######~..~....####...
............~≈≈..~........# ##..~
##.##.......~~.~~~..~~#######....
#©..#.....~.~~~.~~~~~##≈≈≈≈≈##...
..©......~~~~~~~~~~~##≈#~~..~##..


You could see 3 merfolk javelineers, a merfolk aquamancer (distracted, ally
target) and a friendly +5 glaive of the Guard {elec, spectral, AC+5} (summoned).

Vanquished Creatures
  An ancient lich (Abyss:2)
  Mara (Spider:4)
  Nikola (Shoals:1)
  Arachne (Spider:3)
  A bone dragon (Abyss:2)
  Asterion (Spider:1)
  Gastronok (D:10)
  Kirke (D:14)
  Roxanne (Shoals:2)
  Donald (Orc:2)
  Ilsuiw (Shoals:2)
  2 orc warlords (Orc:2)
  Louise (Spider:4)
  A frost giant (D:15)
  3 emperor scorpions
  3 ghost moths
  2 very ugly things (IceCv)
  8 broodmothers
  3 reapers (IceCv)
  6 entropy weavers
  A minotaur (Gauntlet)
  4 spark wasps
  3 dire elephants
  7 merfolk impalers
  3 hydras
  A boulder beetle (Spider:2)
  3 vault guards (D:13)
  3 ogre magi
  Fannar (D:12)
  4 jorogumos
  4 radroaches
  10 centaur warriors
  2 merfolk avatars (Shoals:4)
  2 catoblepae
  3 alligator snapping turtles
  9 merfolk aquamancers
  8 two-headed ogres
  15 death yaks
  2 satyrs
  A deep troll shaman (Lair:5)
  4 orc high priests (Orc:2)
  2 tengu warriors (D:13)
  A deep elf knight (Spider:2)
  A wretched star (Gauntlet)
  Sonja (Lair:2)
  A sun moth (Spider:3)
  A skeletal warrior (D:13)
  A glowing orange brain (Abyss:2)
  8 pharaoh ants
  A flayed ghost (Abyss:2)
  17 sea snakes
  4 steelbarb worms
  A spriggan simulacrum (IceCv)
  A deep elf archer (Spider:2)
  3 wizards
  15 orb spiders
  24 harpies
  5 starcursed masses (Abyss:2)
  A bog body (IceCv)
  3 necromancers
  2 deep elf pyromancers
  2 obsidian statues (IceCv)
  16 ugly things
  23 wolf spiders
  4 orc knights (Orc:2)
  A wolf spider zombie (D:15)
  6 orc sorcerers
  11 cyclopes
  A deep elf zephyrmancer (D:15)
  2 moths of wrath
  11 manticores
  15 fauns
  2 apocalypse crabs
  9 elephants
  13 merfolk sirens
  2 centaur zombies
  2 ice statues (Spider:1)
  A black mamba (Lair:2)
  2 molten gargoyles (Lair:2)
  6 water nymphs
  9 torpor snails
  3 gargoyles
  6 cane toads
  2 naga magi (D:15)
  5 rime drakes
  4 kobold demonologists
  6 komodo dragons
  2 efreet (D:13)
  An unseen horror (D:12)
  14 demonic crawlers
  A centaur skeleton (D:15)
  8 freezing wraiths
  5 yaktaurs (D:15)
  An anaconda simulacrum (IceCv)
  3 tengu conjurers
  6 golden dragon simulacra (IceCv)
  7 trolls
  A wolf spider simulacrum (D:15)
  4 meliai
  12 slime creatures
  25 merfolk
  2 polar bears
  3 wind drakes
  7 hornets
  36 tarantellas
  6 blink frogs
  9 snapping turtles
  13 dream sheep
  39 jumping spiders
  28 culicivoras
  5 small abominations
  2 vampires
  3 wraiths
  A wyvern (Lair:3)
  38 yaks
  A ynoxinul (Abyss:2)
  16 water elementals
  3 hogs (D:14)
  3 large abominations (Abyss:2)
  38 redbacks
  22 vampire mosquitoes
  4 basilisks
  18 humans (D:13)
  A neqoxec (Gauntlet)
  2 minotaur simulacra (IceCv)
  3 wargs (Orc:2)
  Edmund (D:6)
  12 water moccasins
  2 acid dragons
  A hell hound (Spider:2)
  5 black bears
  2 hydra simulacra (IceCv)
  A floating eye (D:12)
  2 ettin simulacra (IceCv)
  39 orc warriors
  2 sky beasts
  An ice beast (D:5)
  18 ogres
  11 centaurs
  10 wolves
  A phantom (D:3)
  A kobold brigand (D:8)
  Blork the orc (D:6)
  10 bullfrogs
  4 necrophages
  2 scorpions (D:5)
  7 wights
  17 killer bees
  A howler monkey (D:4)
  3 electric eels (Spider:1)
  4 jellies
  3 lava snakes (Lair:2)
  5 hounds
  27 orc priests
  2 iron imps (Abyss:2)
  Jessica (D:3)
  7 iguanas
  A boggart zombie (D:11)
  Natasha (thrice) (D:4)
  18 orc wizards
  4 gnolls (D:5)
  4 adders
  A shadow imp (D:7)
  A white imp (Abyss:2)
  2 worms
  8 dart slugs
  100 orcs
  10 ball pythons
  7 endoplasms
  2 goblins (D:2)
  5 hobgoblins
  A jackal (D:5)
  2 quokkas (D:2)
  4 bats
  3 frilled lizards
  15 kobolds
  A rat (D:2)
  A bush (D:8)
  A lurking horror (Abyss:2)
1177 creatures vanquished.

Vanquished Creatures (others)
  A water elemental (D:14)
  An orc wizard (Orc:1)
  2 demonic plants (Gauntlet)
  19 fungi
  54 plants
77 creatures vanquished.

Grand Total: 1254 creatures vanquished

Notes
Turn   | Place    | Note
-------+----------+-------------------------------------------
     0 | D:1      | SnakkuSnakku7 the Minotaur Warper began the quest for the
                  | Orb.
     0 | D:1      | Reached XP level 1. HP: 18/18 MP: 1/1
    25 | D:1      | Found Getuoh's Weapon Shoppe.
   112 | D:1      | Found Betaod's Distillery.
   189 | D:1      | Found a faded altar of an unknown god.
   331 | D:1      | Bought 5 poisoned darts for 28 gold pieces
   348 | D:1      | Reached XP level 2. HP: 20/25 MP: 3/3
   659 | D:1      | Found Uneolum's Weapon Emporium.
   976 | D:1      | Bought a potion of degeneration for 10 gold pieces
  1357 | D:2      | Reached XP level 3. HP: 26/30 MP: 4/4
  1875 | D:3      | Found a blossoming altar of Fedhas.
  1948 | D:3      | Noticed Jessica
  1954 | D:3      | Killed Jessica
  1955 | D:3      | Reached XP level 4. HP: 13/37 MP: 5/5
  2055 | D:1      | Bought a potion of curing for 30 gold pieces
  2055 | D:1      | Bought a potion of heal wounds for 50 gold pieces
  2055 | D:1      | Bought a potion of curing for 30 gold pieces
  2407 | D:4      | Noticed a phantom
  2534 | D:4      | Reached XP level 5. HP: 30/42 MP: 6/6
  2555 | D:4      | Noticed Natasha
  2628 | D:4      | Killed Natasha
  2629 | D:4      | Reached skill level 5 in Maces & Flails
  2735 | D:3      | Killed a phantom
  2974 | D:4      | Reached XP level 6. HP: 39/50 MP: 7/7
  3247 | D:4      | Found a staircase to the Ecumenical Temple.
  3277 | Temple   | Entered the Ecumenical Temple
  3322 | Temple   | Became a worshipper of the Wu Jian Council
  3383 | D:4      | Noticed Natasha
  3392 | D:4      | Killed Natasha
  3393 | D:4      | Reached skill level 1 in Axes
  3577 | D:4      | Noticed Natasha
  3582 | D:4      | Killed Natasha
  3659 | D:5      | Entered Level 5 of the Dungeon
  4021 | D:5      | Reached XP level 7. HP: 48/56 MP: 8/8
  4439 | D:5      | Reached skill level 5 in Axes
  5001 | D:5      | Reached XP level 8. HP: 45/62 MP: 9/9
  5858 | D:6      | Noticed Blork the orc
  5866 | D:6      | Killed Blork the orc
  5866 | D:6      | Reached * piety under Wu Jian
  5916 | D:6      | Noticed Edmund
  5938 | D:6      | Killed Edmund
  5939 | D:6      | Reached skill level 10 in Axes
  7081 | D:7      | Reached XP level 9. HP: 39/65 MP: 10/10
  7862 | D:8      | Found a snail-covered altar of Cheibriados.
  8234 | D:8      | Noticed a deep elf pyromancer
  8847 | D:8      | Found an iron altar of Okawaru.
  8847 | D:8      | Found a hide-covered altar of Uskayaw.
  8850 | D:8      | Found a hazy altar of Hepliaklqana.
  8852 | D:8      | Found a glowing silver altar of Zin.
  9207 | D:9      | Identified a scroll of acquirement
  9210 | D:9      | Acquired 782 gold pieces
  9373 | D:1      | Bought the +11 battleaxe of the Blowfly {vorpal, Fly} for
                  | 811 gold pieces
  9414 | D:1      | Bought a potion of resistance for 100 gold pieces
  9414 | D:1      | Bought 2 potions of curing for 60 gold pieces
  9829 | D:9      | Reached ** piety under Wu Jian
 10051 | D:9      | Noticed a kobold demonologist
 10064 | D:9      | Noticed a sun demon
 10071 | D:10     | Entered Level 10 of the Dungeon
 10097 | D:10     | Noticed Gastronok
 10286 | D:9      | Noticed an ice devil
 10298 | D:10     | Killed Gastronok
 10299 | D:10     | Reached skill level 15 in Axes
 10299 | D:10     | Reached XP level 10. HP: 59/74 MP: 11/11
 10975 | D:10     | Identified the +8 sling of Fatigue {venom, SInv}
 11033 | D:10     | Found a sparkling altar of Nemelex Xobeh.
 11172 | D:10     | Found a broken altar of Ashenzari.
 11536 | D:11     | Noticed a green ugly thing
 11540 | D:11     | Killed a green ugly thing
 11627 | D:11     | Found a staircase to the Lair.
 11631 | D:11     | Reached XP level 11. HP: 75/80 MP: 12/12
 11642 | D:11     | Noticed a two-headed ogre
 11645 | D:11     | Killed a two-headed ogre
 11881 | D:11     | Found Huahesub's Magic Scroll Shoppe.
 11889 | D:11     | Bought a scroll of fog for 44 gold pieces
 11889 | D:11     | Bought a scroll of blinking for 82 gold pieces
 11889 | D:11     | Bought a scroll of fear for 44 gold pieces
 11889 | D:11     | Bought a scroll of noise for 11 gold pieces
 11952 | D:11     | Reached *** piety under Wu Jian
 11957 | D:11     | Found a basalt altar of Yredelemnul.
 12456 | D:11     | Identified the +3 cloak of the Tuna {rF+++ Int+7 Stlth-}
 12486 | D:11     | Reached skill level 3 in Fighting
 12653 | D:11     | Bought a scroll of magic mapping for 82 gold pieces
 12729 | Lair:1   | Entered Level 1 of the Lair of Beasts
 13152 | Lair:1   | Reached skill level 4 in Fighting
 13480 | Lair:2   | Reached skill level 5 in Fighting
 13494 | Lair:2   | Reached skill level 6 in Fighting
 13631 | Lair:2   | Noticed a death yak
 13631 | Lair:2   | Noticed a death yak
 13651 | Lair:2   | Noticed a death yak
 13656 | Lair:2   | Noticed a death yak
 13660 | Lair:2   | Killed a death yak
 13661 | Lair:2   | Reached skill level 7 in Fighting
 13666 | Lair:2   | Killed a death yak
 13667 | Lair:2   | Reached skill level 8 in Fighting
 13669 | Lair:2   | Killed a death yak
 13985 | Lair:2   | Killed a death yak
 13986 | Lair:2   | Reached skill level 9 in Fighting
 13986 | Lair:2   | Reached XP level 12. HP: 89/104 MP: 13/13
 14050 | Lair:2   | Noticed Sonja
 14055 | Lair:2   | Killed Sonja
 14073 | Lair:2   | Found a hole to the Spider Nest.
 14136 | Lair:2   | Reached skill level 10 in Fighting
 14150 | Lair:2   | Reached skill level 11 in Fighting
 14359 | Lair:2   | Found a staircase to the Shoals.
 14877 | Lair:3   | Reached **** piety under Wu Jian
 14941 | Lair:3   | Reached skill level 12 in Fighting
 15182 | Lair:3   | Reached skill level 13 in Fighting
 15273 | Lair:3   | Found a shadowy altar of Dithmenos.
 15987 | Lair:4   | Reached skill level 14 in Fighting
 16156 | Lair:4   | Reached skill level 15 in Fighting
 16159 | Lair:4   | Reached XP level 13. HP: 100/126 MP: 14/14
 16769 | Lair:5   | Entered Level 5 of the Lair of Beasts
 16824 | Lair:5   | Reached skill level 5 in Armour
 16831 | Lair:5   | Reached ***** piety under Wu Jian
 17341 | Lair:5   | Found a staircase to the Slime Pits.
 17479 | Lair:5   | Reached skill level 10 in Armour
 17874 | Lair:5   | Noticed a dire elephant
 17890 | Lair:5   | Killed a dire elephant
 18525 | D:12     | Reached XP level 14. HP: 127/135 MP: 15/15
 19063 | D:12     | Noticed Fannar
 19081 | D:12     | Killed Fannar
 19089 | D:12     | Found a staircase to the Orcish Mines.
 19346 | Orc:1    | Entered Level 1 of the Orcish Mines
 19497 | Orc:2    | Entered Level 2 of the Orcish Mines
 19529 | Orc:2    | Identified the +1 kite shield "Feuletz" {*Corrode Str+8
                  | Dex+3}
 19529 | Orc:2    | Noticed Donald
 19740 | Orc:2    | Killed Donald
 19916 | Orc:1    | Reached skill level 15 in Armour
 20019 | Orc:2    | Reached ****** piety under Wu Jian
 20442 | Orc:2    | Found Wakoafoa's Magic Scroll Shop.
 20454 | Orc:2    | Bought 3 scrolls of magic mapping for 337 gold pieces
 20454 | Orc:2    | Bought a scroll of magic mapping for 112 gold pieces
 20454 | Orc:2    | Bought a scroll of fog for 60 gold pieces
 20454 | Orc:2    | Bought a scroll of teleportation for 45 gold pieces
 20454 | Orc:2    | Bought a scroll of magic mapping for 112 gold pieces
 20460 | Orc:2    | Found Forcheh's Antique Weapon Boutique.
 20464 | Orc:2    | Reached skill level 5 in Dodging
 21133 | Orc:2    | Noticed an orc warlord
 21141 | Orc:2    | Killed an orc warlord
 21335 | Orc:2    | Found a staircase to the Elven Halls.
 21465 | Orc:2    | Identified the +2 scale mail of the Banana {rPois Dex+4}
 21692 | Orc:2    | Noticed an orc warlord
 21726 | Orc:2    | Killed an orc warlord
 21823 | Orc:2    | Found Qusievau's Antique Armour Emporium.
 21957 | Orc:2    | Found Naidawn's Magic Scroll Shoppe.
 22244 | Orc:2    | Bought a scroll of magic mapping for 82 gold pieces
 22244 | Orc:2    | Bought a scroll of magic mapping for 82 gold pieces
 22278 | Orc:2    | Bought a brightly glowing chain mail for 275 gold pieces
 22278 | Orc:2    | Identified the +8 chain mail "Taxatauv" {Rampage rElec
                  | Int-4 Dex+7} (You bought it in a shop on level 2 of the
                  | Orcish Mines)
 22480 | D:13     | Reached skill level 10 in Dodging
 22728 | D:13     | Reached XP level 15. HP: 83/141 MP: 16/16
 23262 | D:13     | Found a gate to the Vaults.
 23713 | D:14     | Noticed Kirke
 23725 | D:14     | Killed Kirke
 23927 | D:14     | Found a runed translucent gate.
 23927 | D:14     | Found a runed translucent gate.
 23928 | D:14     | Found a runed translucent gate.
 24076 | D:14     | Noticed Kilet's ghost (adept GrEE)
 24585 | D:15     | Entered Level 15 of the Dungeon
 24585 | D:15     | Found a gate leading to a gauntlet.
 24590 | Gauntlet | Entered a Gauntlet
 24590 | Gauntlet | Found a transporter.
 24593 | Gauntlet | Found a transporter.
 24609 | Gauntlet | Found a transporter.
 24613 | Gauntlet | Found a transporter.
 24623 | Gauntlet | Found a transporter.
 24642 | Gauntlet | Found a runed translucent gate.
 24643 | Gauntlet | Found a transporter.
 24643 | Gauntlet | Found a runed translucent gate.
 24644 | Gauntlet | Found a runed translucent gate.
 24656 | Gauntlet | Found a transporter.
 24658 | Gauntlet | Found a transporter.
 24662 | Gauntlet | Found a transporter.
 24668 | Gauntlet | Found a transporter.
 24668 | Gauntlet | Found a transporter.
 24671 | Gauntlet | Found a transporter.
 24748 | Gauntlet | Gained mutation: Armour fits poorly on your strangely
                  | shaped body. [a neqoxec]
 24754 | Gauntlet | Lost mutation: Armour fits poorly on your strangely shaped
                  | body. [potion of mutation]
 24754 | Gauntlet | Gained mutation: You have a pair of large horns on your
                  | head. [potion of mutation]
 24755 | Gauntlet | Lost mutation: You have a pair of large horns on your head.
                  | [potion of mutation]
 24755 | Gauntlet | Gained mutation: Your magical capacity is low. (-10% MP)
                  | [potion of mutation]
 24755 | Gauntlet | Gained mutation: You are frail. (-10% HP) [potion of
                  | mutation]
 24756 | Gauntlet | Lost mutation: Your magical capacity is low. (-10% MP)
                  | [potion of mutation]
 24756 | Gauntlet | Lost mutation: You are frail. (-10% HP) [potion of
                  | mutation]
 24756 | Gauntlet | Gained mutation: You have hidden genetic defects. [potion
                  | of mutation]
 24756 | Gauntlet | Gained mutation: Your flesh is cold resistant. (rC+)
                  | [potion of mutation]
 24756 | Gauntlet | Gained mutation: You possess an exceptional clarity of
                  | mind. [potion of mutation]
 24848 | Gauntlet | Identified the +1 pair of gloves "Iqiuwyqeu" {MP+9}
 24868 | Gauntlet | Reached skill level 15 in Dodging
 24880 | Gauntlet | Identified the +3 hat of the Sky {Will+ Int+4 Dex-4}
 24939 | D:15     | Reached skill level 1 in Evocations
 25062 | D:15     | Found the +5 glaive of the Guard {elec, spectral, AC+5}
 25064 | D:15     | Noticed a frost giant
 25088 | D:15     | Killed a frost giant
 25089 | D:15     | Reached skill level 1 in Polearms
 25382 | D:15     | Found a staircase to the Depths.
 25397 | D:15     | Reached skill level 5 in Polearms
 25416 | D:15     | Gained mutation: Armour fits poorly on your strangely
                  | shaped body. [hidden defects]
 25514 | D:15     | Lost mutation: Armour fits poorly on your strangely shaped
                  | body. [potion of mutation]
 25514 | D:15     | Lost mutation: You possess an exceptional clarity of mind.
                  | [potion of mutation]
 25514 | D:15     | Gained mutation: You passively map a small area around you.
                  | [potion of mutation]
 25514 | D:15     | Lost mutation: You have hidden genetic defects. [potion of
                  | mutation]
 25514 | D:15     | Gained mutation: Your body sometimes deteriorates upon
                  | taking damage. [potion of mutation]
 25514 | D:15     | Gained mutation: You are agile. (Dex +4, Str/Int -1)
                  | [potion of mutation]
 25635 | D:15     | Found a blossoming altar of Fedhas.
 25639 | D:15     | Reached XP level 16. HP: 132/149 MP: 17/17
 25953 | Spider:1 | Entered Level 1 of the Spider Nest
 26023 | Spider:1 | Found a frozen archway.
 26048 | IceCv    | Entered an ice cave
 26553 | IceCv    | Reached skill level 10 in Polearms
 27649 | Spider:2 | Noticed Asterion
 27928 | Spider:2 | Noticed an Executioner
 27938 | Spider:1 | Killed Asterion
 28658 | Spider:2 | Reached skill level 15 in Polearms
 29184 | Spider:3 | Reached XP level 17. HP: 145/156 MP: 18/18
 29705 | Spider:3 | Reached skill level 5 in Evocations
 30061 | Spider:4 | Entered Level 4 of the Spider Nest
 30563 | Spider:4 | Noticed Mara
 30566 | Spider:4 | Noticed Arachne
 30810 | Spider:3 | Killed Arachne
 31109 | Spider:4 | Noticed SnakkuSnakku7's illusion
 31223 | Spider:4 | Noticed SnakkuSnakku7's illusion
 31310 | Spider:4 | Killed Mara
 31485 | Spider:4 | Noticed Louise
 31491 | Abyss:2  | Cast into level 2 of the Abyss (Louise)
 31548 | Abyss:2  | Found a corrupted altar of Lugonu.
 31585 | Abyss:2  | Reached skill level 10 in Evocations
 31678 | Abyss:2  | Noticed an ancient lich
 31699 | Abyss:2  | Killed an ancient lich
 31808 | Abyss:2  | Noticed a bone dragon
 31834 | Abyss:2  | Killed a bone dragon
 31860 | Spider:4 | Escaped the Abyss
 31883 | Spider:4 | Reached skill level 16 in Fighting
 31896 | Spider:4 | Killed Louise
 31907 | Spider:4 | Reached XP level 18. HP: 94/168 MP: 19/19
 32257 | Spider:4 | Reached skill level 17 in Fighting
 32307 | Spider:4 | Got a gossamer rune of Zot
 32343 | Spider:4 | Identified the +7 quarterstaff "Miach" {venom, Drain rElec
                  | rPois Int-5}
 32613 | Shoals:1 | Entered Level 1 of the Shoals
 33115 | Shoals:1 | Reached skill level 18 in Fighting
 33280 | Shoals:1 | Identified the +2 pair of gloves of Complete Protection
                  | {+Blink rN++ Str-3 Slay+5}
 33280 | Shoals:1 | Noticed Nikola
 33294 | Shoals:1 | Killed Nikola
 33460 | Shoals:2 | Reached skill level 19 in Fighting
 33594 | Shoals:2 | Killed Ilsuiw
 33598 | Shoals:2 | Identified Roxanne's Parchment of Bedrock
 33598 | Shoals:2 | Noticed Roxanne
 33915 | Shoals:2 | Killed Roxanne
 33955 | Shoals:2 | Reached skill level 20 in Fighting
 33993 | Shoals:2 | Identified the +9 lajatang of Watchfulness {elec, Fragile
                  | rElec Dex+3 Stlth+}
 34180 | Shoals:3 | Found Loehisu's Assorted Antiques.
 34192 | Shoals:3 | Bought a potion of haste for 280 gold pieces
 34192 | Shoals:3 | Bought a scroll of blinking for 210 gold pieces
 34447 | Shoals:3 | Found Cimev's General Store.
 34455 | Shoals:3 | Bought a lightning rod (4/4) for 630 gold pieces
 34520 | Shoals:4 | Entered Level 4 of the Shoals
 34629 | Shoals:4 | Found a transporter.
 34630 | Shoals:4 | Found a transporter.
 34916 | Shoals:4 | Identified the ring of Piewk {+Blink Will+}
 34966 | Shoals:4 | Found a transporter.
 34968 | Shoals:4 | Found a transporter.
 34995 | Shoals:4 | Found a transporter.
 35002 | Shoals:4 | Found a transporter.
 35113 | Shoals:4 | Identified the ring "Tofi" {AC+4 Str+6 Stlth+}
 35215 | Shoals:4 | Reached XP level 19. HP: 180/185 MP: 20/20
 35730 | Shoals:4 | HP: 7/185 [merfolk aquamancer/+1 rapier of venom (11)]
 35730 | Shoals:4 | Slain by a merfolk javelineer

Illustrated notes

Levels and vault maps discovered:
D:1:      amcnicky_arrival_wind_blow, layout_basic, serial_shops,
          nicolae_shop_bloodbath_and_beyond, nicolae_shop_crystal, shop,
          hellmonk_ecumenical_altar_heavens_door
D:2:      layout_basic
D:3:      layout_basic, mainiacjoe_overflow_boulevard, uniq_jessica
D:4:      layout_rooms, temple_statues, uniq_natasha
D:5:      minmay_bubble_buster, layout_loops_ring
D:6:      layout_gridville, uniq_blork_the_orc, uniq_edmund
D:7:      layout_cave_pools
D:8:      layout_loops_ring, minitemple, kb_lookout_dungeons_type
D:9:      layout_roguey
D:10:     layout_rooms, evilmike_ruin_ashenzari, kennysheep_mini_moat,
          uniq_gastronok
D:11:     layout_roguey, lair_entry_dummy, serial_shops, shop_statue,
          lemuel_zombie_altar_yredelemnul
D:12:     hellmonk_paralyzer, layout_loops_cross, orc_0_dummy, uniq_fannar
D:13:     layout_irregular_city, grunt_vaults_entry_tiered,
          nicolae_twisting_strands, nzn_random_ring
D:14:     layout_loops_ring, grunt_decor_junction, gammafunk_ghost_spectres,
          minmay_misc_feat_pillars, kennysheep_minor_cross,
          lemuel_freeze_loot_1, uniq_kirke
D:15:     grunt_enter_depths_magical_seal, layout_loops_ring,
          gauntlet_entry_generic, fedhas_altar_4, kennysheep_four_rooms
Temple:   zaba_magenta_temple
Lair:1:   layout_chaotic_city
Lair:2:   layout_chaotic_city, elwin_shoals_entry_stream, spider_nest_entry_a,
          cheibrodos_lair_reptile_den, infiniplex_staircase_pool,
          lemuel_fruit_tree, uniq_sonja
Lair:3:   layout_cave_pods, lemuel_centaur_altar
Lair:4:   layout_hall_layers
Lair:5:   grunt_lair_end_beastmaster, layout_misc_corridors,
          minmay_slime_entry_pillars, serial_bayou_crossing
Shoals:1: layout_shoals, uniq_nikola
Shoals:2: layout_shoals, uniq_roxanne, uniq_ilsuiw
Shoals:3: layout_shoals, serial_shops, shop, shop_fountains
Shoals:4: shoals_end_hangedman, layout_shoals, nicolae_shoals_cliffside_cave,
          serial_nicolae_subway, nicolae_sub_station_metal,
          nicolae_sub_station_stone, nicolae_sub_station_crystal
Spider:1: layout_spider_delve, portal_ice_cave_entry_ice_statue_two,
          nicolae_spider_spiderdrome
Spider:2: nicolae_spider_mines_3, beargit_elvish_explorers, uniq_asterion
Spider:3: layout_spider_delve, nicolae_spider_webs_and_nodes
Spider:4: hellmonk_spider_rune_endless_swarm, uniq_mara, uniq_louise,
          uniq_arachne
Orc:1:    layout_diamond_mine, nicolae_orc_jurassic_orc
Orc:2:    pubby_orc_utopia, uniq_donald

Skill      XL: |  1  2  3  4  5  6  7  8  9 10 11 12 13 14 15 16 17 18 19 |
---------------+----------------------------------------------------------+-----
Maces & Flails | 3 4 5 6 |  6.8
Throwing       | 2 3 4 |  4.0
Axes           | 3 7 11 15 18 19 | 19.5
Fighting       | 9 15 16 20 | 20.0
Armour         | 2 13 15 16 17 | 17.8
Dodging        | 11 15 | 15.0
Evocations     | 3 10 | 10.0
Polearms       | 6 15 16 | 16.0
Spellcasting   | |  1.3
Translocations | |  2.1

Action                   |  1- 3 |  4- 6 |  7- 9 | 10-12 | 13-15 | 16-18 | 19-21 || total
-------------------------+-------+-------+-------+-------+-------+-------+-------++-------
Melee: Mace              |    93 |    65 |       |       |       |       |       ||   158
       Headbutt          |    13 |    20 |    59 |    62 |   188 |   243 |    15 ||   600
       War axe           |       |    42 |   219 |       |       |       |       ||   261
       Battleaxe         |       |       |    28 |   332 |   872 |     5 |       ||  1237
       Glaive            |       |       |       |       |       |  1076 |    60 ||  1136
Throw: Dart              |       |    28 |    34 |       |     5 |       |       ||    67
Invok: Lunge             |       |     3 |    18 |    21 |    50 |       |       ||    92
       Whirlwind         |       |       |     1 |     4 |     7 |    24 |       ||    36
Evoke: Wand              |       |       |     6 |     3 |     3 |       |     3 ||    15
       Phial of floods   |       |       |       |       |       |     1 |       ||     1
  Use: Scroll            |     1 |       |    22 |    10 |     8 |     3 |       ||    44
       Potion            |       |       |     2 |       |     5 |     7 |       ||    14
 Stab: Invisible         |       |       |       |       |     2 |       |       ||     2
       Distracted        |       |       |       |       |       |    21 |     1 ||    22
Armor: Leather armour    |     4 |       |       |       |       |       |       ||     4
       Plate armour      |    45 |    60 |    55 |       |       |       |       ||   160
       Chain mail        |       |       |    70 |    96 |   395 |   528 |    32 ||  1121
Dodge: Dodged            |    51 |    35 |    87 |   154 |   492 |  1008 |    43 ||  1870
